Map: Galactic Process LE

Players

PtitDrogo

  • Race: Protoss Protoss

Snute - Winner!

  • Race: Zerg Zerg

Event: 2016 WCS Global Finals

VOD

Have the link to the VOD?

Description

Time

  • Played on: Oct. 27, 2016, 3:47 p.m.
  • Length: 15:52

All games in this series

Show
View Real Time Build Order
Export as new Build Order

PtitDrogo Protoss 

Build Orders: 1 Gate Expand, Zealot Archon, Dark Templar Rush 

Get SALT Encoding   

  12  0:00  Probe (Chrono Boost)  
  13  0:11  Probe (Chrono Boost)  
  14  0:17  Pylon  
  14  0:22  Probe (Chrono Boost)  
  16  0:35  Probe (Chrono Boost)  
  16  0:38  Gateway  
  16  0:46  Probe (Chrono Boost)  
  16  0:47  Assimilator  
  17  0:56  Probe (Chrono Boost)  
  18  1:07  Probe (Chrono Boost)  
  19  1:20  Nexus  
  19  1:23  Probe (Chrono Boost)  
  20  1:33  Cybernetics Core  
  20  1:36  Probe (Chrono Boost)  
  21  1:41  Assimilator  
  22  1:47  Probe (Chrono Boost)  
  22  1:51  Pylon  
  22  1:57  Probe (Chrono Boost)  
  23  2:06  Adept  
  23  2:10  Warp Gate  
  23  2:11  Probe (Chrono Boost)  
  27  2:23  Probe (Chrono Boost)  
  27  2:25  Twilight Council  
  27  2:31  Stalker  
  27  2:32  Probe (Chrono Boost)  
  27  2:35  Probe (Chrono Boost)  
  31  2:43  Probe (Chrono Boost)  
  32  2:47  Probe (Chrono Boost)  
  33  2:54  Mothership Core (Chrono Boost)  
  36  2:59  Probe (Chrono Boost)  
  36  3:09  Probe (Chrono Boost)  
  36  3:10  Robotics Facility  
  36  3:12  Probe (Chrono Boost)  
  38  3:18  Pylon  
  39  3:20  Probe (Chrono Boost)  
  39  3:21  Pylon  
  39  3:23  Probe (Chrono Boost)  
  40  3:30  Probe (Chrono Boost)  
  40  3:33  Probe (Chrono Boost)  
  42  3:36  Gateway  
  42  3:41  Probe (Chrono Boost)  
  43  3:44  Gateway  
  43  3:45  Dark Shrine  
  43  3:50  Gateway, Probe (Chrono Boost)  
  43  3:55  Probe (Chrono Boost)  
  45  4:00  Pylon x2  
  45  4:06  Probe (Chrono Boost)  
  45  4:09  Probe (Chrono Boost)  
  47  4:12  Pylon  
  47  4:14  Assimilator  
  47  4:15  Warp Prism  
  48  4:17  Assimilator  
  48  4:18  Probe (Chrono Boost)  
  48  4:19  Probe (Chrono Boost)  
  51  4:24  Adept  
  51  4:30  Pylon, Probe x2 (Chrono Boost)  
  55  4:45  Adept  
  57  4:47  Probe (Chrono Boost)  
  57  4:48  Probe (Chrono Boost)  
  59  4:57  Probe (Chrono Boost)  
  59  4:58  Observer  
  61  5:00  Probe (Chrono Boost)  
  61  5:01  Nexus  
  61  5:02  Pylon  
  62  5:13  Dark Templar x2  
  62  5:14  Dark Templar x2  
  68  5:16  Pylon  
  68  5:18  Archon x2  
  68  5:20  Probe (Chrono Boost)  
  72  5:22  Probe (Chrono Boost)  
  72  5:30  Immortal  
  72  5:31  Probe (Chrono Boost)  
  72  5:34  Forge, Probe (Chrono Boost)  
  78  5:41  Probe (Chrono Boost)  
  79  5:51  Sentry x2  
  79  5:52  Probe x2 (Chrono Boost)  
  79  5:54  Protoss Ground Weapons Level 1  
  79  5:55  Pylon  
  85  6:02  Pylon  
  85  6:03  Probe (Chrono Boost)  
  86  6:08  Immortal  
  86  6:14  Probe (Chrono Boost)  
  86  6:15  Probe x2 (Chrono Boost), Blink  
  96  6:26  Probe (Chrono Boost)  
  96  6:27  Assimilator x2, Probe x2 (Chrono Boost)  
  96  6:30  Pylon  
  96  6:33  Pylon  
  96  6:35  Pylon  
  96  6:37  Pylon  
  96  6:38  Probe (Chrono Boost)  
  96  6:39  Probe x2 (Chrono Boost)  
  99  6:40  Sentry  
  99  6:41  Stalker  
  99  6:42  Pylon  
  103  6:50  Probe (Chrono Boost)  
  105  6:54  Probe (Chrono Boost)  
  105  6:55  Immortal  
  105  7:00  Gateway  
  109  7:03  Gateway  
  109  7:04  Gateway  
  109  7:06  Gateway  
  109  7:08  Pylon  
  109  7:09  Pylon  
  109  7:13  Gateway  
  109  7:15  Photon Cannon  
  109  7:16  Photon Cannon  
  109  7:19  Photon Cannon  
  109  7:30  Pylon  
  109  7:36  Dark Templar x4  
  117  7:41  Archon x2, Pylon  
  117  7:43  Protoss Ground Weapons Level 2  
  117  7:55  Immortal  
  117  7:57  Nexus  
  117  7:58  Pylon  
  117  7:59  Pylon  
  117  8:03  Zealot  
  123  8:07  Pylon  
  123  8:08  Dark Templar x2  
  127  8:13  Archon  
  127  8:14  Dark Templar x2  
  127  8:18  Pylon  
  131  8:24  Archon, Photon Cannon  
  131  8:33  Photon Cannon  
  131  8:34  Photon Cannon, Immortal  
  131  8:35  Dark Templar x2  
  139  8:43  Archon  
  139  8:47  Stalker  
  139  8:48  Stalker x2  
  145  8:52  Stalker  
  145  9:02  Stalker  
  145  9:03  Stalker  
  145  9:09  Photon Cannon  
  145  9:13  Probe (Chrono Boost)  
  145  9:14  Probe x2 (Chrono Boost)  
  145  9:15  Probe (Chrono Boost)  
  145  9:16  Immortal  
  153  9:27  Probe x3 (Chrono Boost)  
  153  9:28  Assimilator  
  156  9:31  Assimilator  
  156  9:34  Probe (Chrono Boost)  
  156  9:36  Dark Templar x2  
  163  9:39  Probe x2 (Chrono Boost)  
  163  9:41  Archon, Dark Templar  
  163  9:42  Dark Templar  
  167  9:48  Protoss Ground Weapons Level 3  
  167  9:50  Zealot  
  169  9:53  Archon  
  169  9:56  Dark Templar x2  
  173  10:02  Archon  
  173  10:03  Immortal  
  173  10:09  Pylon  
  173  10:10  Gateway  
  173  10:11  Gateway, Pylon, Dark Templar  
  173  10:12  Dark Templar  
  181  10:16  Photon Cannon  
  181  10:21  Zealot x2  
  181  10:22  Zealot  
  175  10:31  Stalker x3  
  174  10:36  Probe (Chrono Boost)  
  174  10:39  Stalker x2  
  174  10:42  Archon  
  178  10:43  Pylon  
  175  10:50  Probe (Chrono Boost)  
  175  10:52  Pylon  
  174  10:57  Dark Templar x4  
  174  10:58  Probe (Chrono Boost)  
  174  10:59  Dark Templar x2  
  174  11:02  Archon x3  
  184  11:12  Photon Cannon  
  184  11:14  Photon Cannon, Stalker x3  
  184  11:17  Photon Cannon  
  170  11:28  Stalker x2  
  170  11:32  Stalker x2  
  136  11:33  Stalker  
  136  11:37  Stalker x4  
  149  11:40  Probe (Chrono Boost)  
  139  11:56  Stalker x6  
  119  12:04  Dark Templar x4  
  127  12:08  Archon  
  127  12:09  Archon  
  127  12:11  Zealot  
  127  12:23  Dark Templar  
  127  12:24  Dark Templar  
  131  12:30  Archon  
  129  12:39  Stalker  
  129  12:40  Stalker x5  
  129  12:41  Nexus  
  129  12:42  Pylon  
  107  12:57  Probe x2 (Chrono Boost)  
  104  13:03  Probe (Chrono Boost)  
  104  13:04  Probe (Chrono Boost)  
  106  13:09  Probe (Chrono Boost)  
  106  13:10  Dark Templar x2  
  111  13:15  Dark Templar  
  111  13:16  Dark Templar x3  
  111  13:18  Dark Templar  
  111  13:19  Dark Templar  
  121  13:20  Archon x2  
  121  13:21  Photon Cannon  
  121  13:24  Archon  
  121  13:29  Pylon  
  121  13:31  Dark Templar x2  
  121  13:32  Zealot  
  127  13:47  Archon  
  123  13:52  Dark Templar x2  
  123  13:53  Stalker x4  
  135  14:00  Assimilator  
  135  14:03  Archon, Dark Templar x2  
  135  14:05  Assimilator  
  135  14:07  Archon  
  139  14:15  Archon, Dark Templar x2  
  143  14:19  Photon Cannon  
  143  14:21  Pylon  
  143  14:24  Archon  
  141  14:27  Dark Templar x2  
  91  14:38  Stalker  
  91  14:39  Stalker x3  
  76  14:48  Stalker x2  
  69  14:54  Stalker x2  
  67  15:08  Archon  
  67  15:11  Dark Templar x2, Stalker  
  73  15:16  Archon, Pylon  
  73  15:20  Zealot x3  
  69  15:40  Stalker x4  
Show
View Real Time Build Order
Export as new Build Order

Snute Zerg - Winner!

Build Orders: Hatch First, Muta Ling Bane 

Get SALT Encoding   

  12  0:00  Drone  
  13  0:12  Overlord  
  13  0:17  Drone  
  14  0:30  Drone x2  
  14  0:34  Drone  
  17  0:51  Hatchery  
  17  0:54  Drone  
  17  0:57  Drone  
  17  1:00  Extractor  
  17  1:13  Spawning Pool  
  17  1:16  Drone  
  17  1:19  Drone  
  18  1:27  Drone  
  19  1:38  Overlord  
  19  1:49  Drone  
  20  1:59  Metabolic Boost, Queen  
  22  2:03  Queen  
  22  2:06  Drone  
  25  2:12  Zergling x4  
  27  2:21  Drone x2  
  29  2:24  Drone  
  30  2:35  Drone  
  31  2:42  Hatchery  
  31  2:43  Overlord  
  30  2:46  Zergling x2  
  30  2:50  Zergling x2  
  32  3:00  Zergling x4  
  32  3:04  Zergling x2  
  35  3:09  Drone x2  
  35  3:10  Drone x2  
  35  3:12  Drone  
  40  3:13  Drone x2  
  40  3:19  Overlord  
  42  3:21  Queen  
  44  3:28  Overlord  
  44  3:38  Drone x2  
  44  3:39  Drone  
  46  3:43  Drone x4  
  46  3:44  Drone  
  46  3:45  Drone  
  46  3:47  Drone  
  53  3:54  Drone x3  
  54  4:05  Drone x3  
  56  4:11  Queen  
  56  4:15  Drone x4, Roach Warren  
  61  4:18  Drone  
  61  4:20  Drone x2  
  61  4:22  Drone  
  65  4:26  Overlord  
  65  4:27  Overlord  
  65  4:30  Spore Crawler  
  64  4:31  Extractor  
  64  4:33  Spore Crawler, Overlord  
  59  4:52  Spore Crawler  
  59  4:54  Roach  
  59  4:55  Roach x8  
  59  4:56  Roach  
  59  4:57  Queen  
  59  4:58  Drone  
  81  5:00  Drone  
  81  5:01  Drone  
  81  5:02  Drone  
  81  5:03  Drone  
  81  5:04  Drone  
  86  5:07  Extractor  
  86  5:08  Extractor  
  86  5:11  Roach x3  
  90  5:21  Overlord  
  90  5:36  Overlord  
  90  5:38  Lair  
  90  5:39  Roach Warren  
  90  5:40  Hatchery  
  87  5:43  Drone x9  
  87  5:47  Drone x3  
  87  5:49  Drone  
  97  5:51  Drone  
  97  5:55  Overlord  
  97  5:56  Drone x2  
  100  6:01  Drone x3  
  100  6:02  Drone x2  
  105  6:06  Baneling Nest  
  105  6:07  Evolution Chamber  
  105  6:09  Overlord  
  104  6:14  Roach x2  
  104  6:17  Queen  
  110  6:22  Hatchery  
  110  6:25  Overlord  
  109  6:26  Overlord x2  
  109  6:40  Overseer  
  109  6:41  Zergling x8  
  109  6:44  Zerg Melee Weapons Level 1, Spire  
  112  6:51  Drone x3  
  112  6:52  Drone  
  112  6:53  Zergling x12  
  122  6:54  Queen  
  122  6:56  Centrifical Hooks  
  122  7:00  Drone x7  
  131  7:03  Drone  
  131  7:05  Overlord x2  
  132  7:12  Spore Crawler  
  131  7:23  Hatchery  
  131  7:24  Zergling x16  
  131  7:29  Overlord  
  138  7:30  Zergling x8  
  142  7:41  Overlord x3  
  141  7:47  Extractor, Zergling x16  
  148  7:57  Mutalisk x9  
  164  8:06  Overlord x2  
  164  8:09  Zergling x8  
  164  8:10  Zergling x8  
  172  8:17  Zergling x12  
  175  8:32  Ravager x5  
  175  8:33  Ravager x2  
  183  8:34  Zergling x28  
  196  8:42  Zerg Melee Weapons Level 2  
  196  8:52  Zergling x4  
  196  8:53  Zergling x2  
  195  9:09  Extractor  
  190  9:19  Baneling x18  
  190  9:20  Baneling x2  
  190  9:26  Baneling x3  
  190  9:31  Extractor  
  190  9:32  Extractor  
  188  9:39  Zergling x8  
  188  9:40  Zergling x14  
  199  9:50  Baneling x6  
  199  9:51  Baneling x9  
  199  10:08  Baneling x12  
  199  10:27  Zergling x2  
  199  10:28  Zergling x12  
  191  10:37  Zergling x18  
  187  10:45  Zergling x30  
  187  10:46  Zergling x8  
  199  10:56  Extractor  
  198  10:58  Baneling x3, Hatchery  
  198  10:59  Baneling x29  
  198  11:00  Baneling x7  
  198  11:02  Zergling x2  
  198  11:03  Zergling x2  
  195  11:15  Baneling  
  195  11:16  Baneling x8  
  167  11:25  Zergling x2  
  167  11:26  Zergling x48  
  167  11:27  Zergling x28  
  174  11:34  Zergling x14  
  174  11:36  Queen  
  176  11:40  Zergling x8  
  176  11:41  Zergling x4  
  173  11:51  Zergling x26  
  173  11:53  Zergling x2  
  173  11:54  Zergling x2  
  135  12:01  Zergling x2  
  135  12:02  Zergling x6  
  135  12:03  Baneling x9  
  135  12:04  Baneling x20  
  138  12:13  Zergling x2  
  138  12:14  Zergling x18  
  138  12:15  Baneling x12  
  148  12:16  Baneling x12  
  148  12:20  Zergling x14  
  149  12:23  Zergling x12  
  149  12:25  Zergling x4, Hatchery  
  149  12:28  Queen  
  149  12:29  Zergling x2  
  159  12:31  Zergling x2  
  159  12:32  Zergling x4  
  162  12:40  Zergling x8  
  162  12:41  Zergling x12  
  136  12:53  Zergling x26  
  136  12:54  Zergling x12  
  136  12:58  Baneling x7  
  145  13:01  Roach x3  
  145  13:03  Roach  
  151  13:13  Roach  
  151  13:14  Roach x3  
  158  13:23  Ravager x2  
  158  13:24  Ravager x2  
  158  13:25  Roach x7  
  176  13:27  Zergling x2  
  176  13:28  Zergling x6  
  179  13:44  Overseer x2  
  179  13:46  Zergling x20  
  179  13:47  Zergling x10  
  190  13:50  Ravager x8  
  190  13:53  Overseer, Pneumatized Carapace  
  198  14:03  Baneling x18  
  198  14:04  Baneling x3  
  198  14:11  Zergling x2  
  198  14:12  Zergling x2  
  198  14:14  Baneling x7  
  198  14:15  Baneling x7  
  199  14:20  Baneling  
  199  14:21  Baneling x4  
  154  14:38  Zergling x2  
  154  14:39  Zergling x42  
  160  14:47  Zergling x2  
  160  14:48  Zergling x16  
  160  14:52  Zergling x8  
  164  14:53  Zergling x2  
  164  14:58  Overseer  
  158  15:06  Baneling x14  
  158  15:07  Baneling x9  
  152  15:08  Baneling  
  152  15:11  Baneling  
  152  15:12  Baneling x7  
  152  15:15  Zergling x6  
  152  15:19  Baneling  
  152  15:20  Baneling x6  
  151  15:31  Zergling x18  
Tags
 
Add a new tag
Caveats
  • Supply blocks, unpowered buildings, or Contaminate may cause inaccurate times.
  • Supply counts are checked every 10 seconds.